| TOP OF THE 1ST |
|
Iowa Cubs batting - Pitching for Sacramento River Cats : RHP Cortez Laris
|
|
Pitching: RHP Cortez Laris
|
|
|
Batting: LHB Barend van der Kamp
|
0-0: Ball 1-0: Ball 2-0: Foul Ball, location: 2F 2-1: Ground out 5-3 (Groundball, 5L, EV 101.3 MPH)
|
|
Batting: LHB Paul Perry
|
0-0: Foul Ball, location: 2F 0-1: Ball 1-1: Swinging Strike 1-2: Ball 2-2: Foul Ball, location: 2F 2-2: Foul Ball, location: 2F 2-2: Strikes out looking
|
|
Batting: SHB Seung-ho Zhang
|
0-0: Ball 1-0: Called Strike 1-1: Called Strike 1-2: Fly out, F8 (Flyball, 8LXD, EV 99.4 MPH)
|
| Top of the 1st over - 0 runs, 0 hits, 0 errors, 0 left on base; Iowa 0 - Sacramento 0 |
| BOTTOM OF THE 1ST |
|
Sacramento River Cats batting - Pitching for Iowa Cubs : RHP Gabe Wagner
|
|
Pitching: RHP Gabe Wagner
|
|
|
Batting: SHB Danny Garcia
|
0-0: Ball 1-0: Ball 2-0: Foul Ball, location: 2F 2-1: Foul Ball, location: 2F 2-2: Strikes out looking
|
|
Batting: RHB Hugo Zacarias
|
0-0: Called Strike 0-1: SINGLE (Flyball, 89S, EV 91.3 MPH)
|
|
Batting: RHB Jason Gress
|
0-0: Ball 1-0: Ball 2-0: Called Strike 2-1: Foul Ball, location: 2F 2-2: Foul Ball, location: 2F 2-2: Strikes out swinging
|
|
Batting: LHB Nate Conley
|
0-0: Called Strike 0-1: Ball 1-1: Ball 2-1: Called Strike 2-2: Foul Ball, location: 2F 2-2: Foul Ball, location: 2F 2-2: Foul Ball, location: 2F 2-2: Ball 3-2: Base on Balls Hugo Zacarias to second
|
|
Batting: LHB Nick Swank
|
0-0: Ball 1-0: Called Strike 1-1: Foul Ball, location: 2F 1-2: SINGLE (Groundball, 13S, EV 71.9 MPH) (infield hit) Hugo Zacarias to third Nate Conley to second
|
|
Batting: RHB Roberto Duron
|
0-0: Swinging Strike 0-1: DOUBLE (Line Drive, 78D, EV 105.6 MPH) Hugo Zacarias scores Nate Conley scores Nick Swank to third
|
|
Batting: LHB Juan Gonzalez
|
0-0: Ball 1-0: Ball 2-0: Called Strike 2-1: Foul Ball, location: 2F 2-2: Foul Ball, location: 2F 2-2: Ball 3-2: SINGLE (Groundball, 4D, EV 96.9 MPH) Nick Swank scores Roberto Duron to third Runner from 3rd tries for Home, SAFE, throw by CF to home
|
|
Batting: LHB Fred Arends
|
0-0: Ball 1-0: Ball 2-0: Called Strike 2-1: Swinging Strike 2-2: Foul Ball, location: 2F 2-2: Strikes out looking
|
| Bottom of the 1st over - 4 runs, 4 hits, 0 errors, 1 left on base; Iowa 0 - Sacramento 4 |
| TOP OF THE 2ND |
|
Iowa Cubs batting - Pitching for Sacramento River Cats : RHP Cortez Laris
|
|
Batting: RHB Butch Koglin
|
0-0: Called Strike 0-1: Ball 1-1: Ball 2-1: Ball 3-1: Base on Balls
|
|
Batting: SHB Nick Chandler
|
0-0: Called Strike 0-1: Ball 1-1: Ball 2-1: Called Strike 2-2: Fielders Choice at 2nd, 4-6 (Groundball, 4, EV 91.9 MPH)
|
|
Batting: RHB Pat Barton
|
0-0: Ball 1-0: Called Strike 1-1: Ball 2-1: Swinging Strike 2-2: Ball 3-2: Fielders Choice at 2nd, 5-4 (Groundball, 5, EV 98.8 MPH)
|
|
Batting: LHB Jose Mojica
|
0-0: Ball 1-0: Swinging Strike 1-1: Foul Ball, location: 2F 1-2: Strikes out swinging
|
| Top of the 2nd over - 0 runs, 0 hits, 0 errors, 1 left on base; Iowa 0 - Sacramento 4 |
| BOTTOM OF THE 2ND |
|
Sacramento River Cats batting - Pitching for Iowa Cubs : RHP Gabe Wagner
|
|
Batting: RHB Martin Guerrero
|
0-0: Ball 1-0: Fly out, F8 (Flyball, 8RXD, EV 93.8 MPH)
|
|
Batting: SHB Danny Garcia
|
0-0: Ball 1-0: Swinging Strike 1-1: Ball 2-1: Ground out 4-3 (Groundball, 4, EV 108.8 MPH)
|
|
Batting: RHB Hugo Zacarias
|
0-0: Ball 1-0: Ball 2-0: Foul Ball, location: 2F 2-1: Ball 3-1: Foul Ball, location: 2F 3-2: Ground out 4-3 (Groundball, 4, EV 85.0 MPH)
|
| Bottom of the 2nd over - 0 runs, 0 hits, 0 errors, 0 left on base; Iowa 0 - Sacramento 4 |
| TOP OF THE 3RD |
|
Iowa Cubs batting - Pitching for Sacramento River Cats : RHP Cortez Laris
|
|
Batting: LHB Bobby Adams
|
0-0: Foul Ball, location: 2F 0-1: Ground out 5-3 (Groundball, 5, EV 78.1 MPH)
|
|
Batting: SHB R.J. Vargas
|
0-0: Called Strike 0-1: Ball 1-1: Swinging Strike 1-2: Ball 2-2: Strikes out swinging, 2-3 out at first.
|
|
Batting: LHB Barend van der Kamp
|
0-0: SINGLE (Line Drive, 7S, EV 92.5 MPH)
|
|
Batting: LHB Paul Perry
|
0-0: Ball 1-0: Foul Ball, location: 2F 1-1: Ground out U3 (Groundball, 3, EV 83.1 MPH)
|
| Top of the 3rd over - 0 runs, 1 hit, 0 errors, 1 left on base; Iowa 0 - Sacramento 4 |
| BOTTOM OF THE 3RD |
|
Sacramento River Cats batting - Pitching for Iowa Cubs : RHP Gabe Wagner
|
|
Batting: RHB Jason Gress
|
0-0: Ball 1-0: Called Strike 1-1: SINGLE (Groundball, 56S, EV 64.4 MPH) (infield hit)
|
|
Batting: LHB Nate Conley
|
0-0: SINGLE (Groundball, 4MD, EV 98.1 MPH) Jason Gress to second
|
|
Batting: LHB Nick Swank
|
0-0: Called Strike 0-1: Ball 1-1: Foul Ball, location: 2F 1-2: Strikes out looking
|
|
Batting: RHB Roberto Duron
|
0-0: Ball 1-0: Called Strike 1-1: Foul Ball, location: 2F 1-2: Foul Ball, location: 2F 1-2: Fielders Choice at 2nd, 5-4 (Groundball, 56, EV 106.9 MPH) Jason Gress to third
|
|
Batting: LHB Juan Gonzalez
|
0-0: Ball 1-0: Ball 2-0: Ball 3-0: Called Strike 3-1: Base on Balls Roberto Duron to second
|
|
Batting: LHB Fred Arends
|
0-0: Called Strike 0-1: Ball 1-1: Foul Ball, location: 2F 1-2: Ball Wild Pitch! Jason Gress scores Roberto Duron to third Juan Gonzalez to second 2-2: Foul Ball, location: 2F 2-2: Ball 3-2: Base on Balls
|
|
Pitching: RHP Mike Richardson
|
|
|
Batting: RHB Martin Guerrero
|
0-0: Ball 1-0: Swinging Strike 1-1: SINGLE (Groundball, P, EV 86.9 MPH) (infield hit) Roberto Duron scores Juan Gonzalez to third Fred Arends to second
|
|
Batting: SHB Danny Garcia
|
0-0: Ball 1-0: Called Strike 1-1: Ball 2-1: Foul Ball, location: 2F 2-2: Ground out U3 (Groundball, 3, EV 96.9 MPH)
|
| Bottom of the 3rd over - 2 runs, 3 hits, 0 errors, 3 left on base; Iowa 0 - Sacramento 6 |
| TOP OF THE 4TH |
|
Iowa Cubs batting - Pitching for Sacramento River Cats : RHP Cortez Laris
|
|
Now at 1B: John Shaffer
|
|
|
Batting: SHB Seung-ho Zhang
|
0-0: Called Strike 0-1: Foul Ball, location: 2F 0-2: Foul Ball, location: 2F 0-2: Ball 1-2: Ball 2-2: Strikes out looking
|
|
Batting: RHB Butch Koglin
|
0-0: Ball 1-0: Ball 2-0: Called Strike 2-1: Ball 3-1: Base on Balls
|
|
Batting: SHB Nick Chandler
|
0-0: Ball 1-0: Fielders Choice at 2nd, 5-4 (Groundball, 56, EV 98.8 MPH)
|
|
Batting: RHB Pat Barton
|
0-0: Ball 1-0: 2-RUN HOME RUN (Flyball, 7LD, EV 94.4 MPH), Distance : 352 ft
|
|
Batting: LHB Jose Mojica
|
0-0: Swinging Strike 0-1: Foul Ball, location: 2F 0-2: Strikes out looking
|
| Top of the 4th over - 2 runs, 1 hit, 0 errors, 0 left on base; Iowa 2 - Sacramento 6 |
| BOTTOM OF THE 4TH |
|
Sacramento River Cats batting - Pitching for Iowa Cubs : RHP Mike Richardson
|
|
Batting: RHB Hugo Zacarias
|
0-0: Called Strike 0-1: Fly out, F7 (Flyball, 7, EV 80.6 MPH)
|
|
Batting: RHB Jason Gress
|
0-0: Called Strike 0-1: Ball 1-1: Ground out U3 (Groundball, 34, EV 109.4 MPH)
|
|
Batting: RHB John Shaffer
|
0-0: Ball 1-0: Called Strike 1-1: Ground out 4-3 (Groundball, 4M, EV 105.0 MPH)
|
| Bottom of the 4th over - 0 runs, 0 hits, 0 errors, 0 left on base; Iowa 2 - Sacramento 6 |
| TOP OF THE 5TH |
|
Iowa Cubs batting - Pitching for Sacramento River Cats : RHP Cortez Laris
|
|
Batting: LHB Bobby Adams
|
0-0: Ground out 4-3 (Groundball, 4M, EV 100.0 MPH)
|
|
Batting: SHB R.J. Vargas
|
0-0: Fly out, F8 (Line Drive, 8LM, EV 105.6 MPH)
|
|
Batting: LHB Barend van der Kamp
|
0-0: Foul Ball, location: 2F 0-1: Ball 1-1: Swinging Strike 1-2: Ball 2-2: Ball 3-2: Strikes out swinging
|
| Top of the 5th over - 0 runs, 0 hits, 0 errors, 0 left on base; Iowa 2 - Sacramento 6 |
| BOTTOM OF THE 5TH |
|
Sacramento River Cats batting - Pitching for Iowa Cubs : RHP Mike Richardson
|
|
Batting: LHB Nick Swank
|
0-0: Ball 1-0: SOLO HOME RUN (Flyball, 9D, EV 110.6 MPH), Distance : 423 ft
|
|
Batting: RHB Roberto Duron
|
0-0: Fly out, F4 (Popup, 4, EV 70.6 MPH)
|
|
Batting: LHB Juan Gonzalez
|
0-0: Ball 1-0: Swinging Strike 1-1: Ball 2-1: Ground out 6-3 (Groundball, 6, EV 86.3 MPH)
|
|
Batting: LHB Fred Arends
|
0-0: Ball 1-0: Ball 2-0: Swinging Strike 2-1: Ball 3-1: Base on Balls
|
|
Batting: RHB Martin Guerrero
|
0-0: Ball 1-0: Swinging Strike 1-1: Called Strike 1-2: Fly out, F7 (Line Drive, 7, EV 90.0 MPH)
|
| Bottom of the 5th over - 1 run, 1 hit, 0 errors, 1 left on base; Iowa 2 - Sacramento 7 |
| TOP OF THE 6TH |
|
Iowa Cubs batting - Pitching for Sacramento River Cats : RHP Cortez Laris
|
|
Batting: LHB Paul Perry
|
0-0: Ball 1-0: DOUBLE (Flyball, 8LXD, EV 98.8 MPH)
|
|
Batting: SHB Seung-ho Zhang
|
0-0: Called Strike 0-1: Swinging Strike 0-2: Ball 1-2: Strikes out swinging
|
|
Batting: RHB Butch Koglin
|
0-0: Foul Ball, location: 2F 0-1: Ball 1-1: Ball 2-1: Foul Ball, location: 2F 2-2: Ball 3-2: Base on Balls
|
|
Batting: SHB Nick Chandler
|
0-0: Called Strike 0-1: Called Strike 0-2: Foul Ball, location: 2F 0-2: Foul Ball, location: 2F 0-2: Strikes out looking
|
|
Batting: RHB Pat Barton
|
0-0: Ball 1-0: Ball 2-0: Called Strike 2-1: Ball 3-1: Base on Balls Paul Perry to third Butch Koglin to second
|
|
Pitching: RHP Taiji Morita
|
|
|
Batting: LHB Jose Mojica
|
0-0: Called Strike 0-1: SINGLE (Groundball, 13, EV 83.1 MPH) (infield hit) Paul Perry scores Butch Koglin to third Pat Barton to second
|
|
Batting: LHB Bobby Adams
|
0-0: Fielders Choice at 2nd, 6-4 (Groundball, 6, EV 81.3 MPH)
|
| Top of the 6th over - 1 run, 2 hits, 0 errors, 3 left on base; Iowa 3 - Sacramento 7 |
| BOTTOM OF THE 6TH |
|
Sacramento River Cats batting - Pitching for Iowa Cubs : RHP Mike Richardson
|
|
Batting: SHB Danny Garcia
|
0-0: Ball 1-0: Ball 2-0: Ball 3-0: Base on Balls
|
|
Batting: RHB Hugo Zacarias
|
0-0: Ball Danny Garcia steals 2nd, throwing error, E2 Danny Garcia to third 1-0: Foul Ball, location: 2F 1-1: Foul Ball, location: 2F 1-2: Ball 2-2: Foul Ball, location: 2F 2-2: Fly out, F8 (Flyball, 8RD, EV 101.3 MPH) Runner from 3rd tags up, SCORES, no throw by CF
|
|
Batting: RHB Jason Gress
|
0-0: Called Strike 0-1: Ball 1-1: Ball 2-1: Ball 3-1: Base on Balls
|
|
Pitching: RHP Andy Temples
|
|
|
Batting: RHB John Shaffer
|
0-0: Called Strike 0-1: Ball 1-1: Fly out, F7 (Flyball, 7LS, EV 86.3 MPH)
|
|
Batting: LHB Nick Swank
|
0-0: Ground out U3 (Groundball, 3, EV 88.8 MPH)
|
| Bottom of the 6th over - 1 run, 0 hits, 1 error, 1 left on base; Iowa 3 - Sacramento 8 |
| TOP OF THE 7TH |
|
Iowa Cubs batting - Pitching for Sacramento River Cats : RHP Taiji Morita
|
|
Batting: SHB R.J. Vargas
|
0-0: Called Strike 0-1: Foul Ball, location: 2F 0-2: Foul Ball, location: 2F 0-2: Foul Ball, location: 2F 0-2: Ground out U3 (Groundball, 3S, EV 74.4 MPH)
|
|
Batting: LHB Barend van der Kamp
|
0-0: Called Strike 0-1: Fly out, F7 (Flyball, 78S, EV 86.9 MPH)
|
|
Batting: LHB Paul Perry
|
0-0: Foul Ball, location: 2F 0-1: Swinging Strike 0-2: Foul Ball, location: 2F 0-2: Foul Ball, location: 2F 0-2: Ground out 5-3 (Groundball, 5L, EV 106.3 MPH)
|
| Top of the 7th over - 0 runs, 0 hits, 0 errors, 0 left on base; Iowa 3 - Sacramento 8 |
| BOTTOM OF THE 7TH |
|
Sacramento River Cats batting - Pitching for Iowa Cubs : RHP Andy Temples
|
|
Batting: RHB Roberto Duron
|
0-0: Foul Ball, location: 2F 0-1: SINGLE (Line Drive, 34, EV 99.4 MPH)
|
|
Batting: LHB Juan Gonzalez
|
0-0: Ball 1-0: Ball 2-0: Foul Ball, location: 2F 2-1: Swinging Strike 2-2: Foul Ball, location: 2F 2-2: Strikes out looking
|
|
Batting: LHB Fred Arends
|
0-0: Ball 1-0: Swinging Strike 1-1: Called Strike 1-2: Ball 2-2: Foul Ball, location: 2F 2-2: Foul Ball, location: 2F 2-2: Strikes out looking
|
|
Batting: RHB Martin Guerrero
|
0-0: Called Strike 0-1: Fly out, F8 (Flyball, 8LD, EV 97.5 MPH)
|
| Bottom of the 7th over - 0 runs, 1 hit, 0 errors, 1 left on base; Iowa 3 - Sacramento 8 |
| TOP OF THE 8TH |
|
Iowa Cubs batting - Pitching for Sacramento River Cats : RHP Taiji Morita
|
|
Batting: SHB Seung-ho Zhang
|
0-0: Ball 1-0: Ball 2-0: Ball 3-0: Called Strike 3-1: Base on Balls
|
|
Batting: RHB Butch Koglin
|
0-0: Grounds into double play, 4-6-3 (Groundball, 34, EV 78.1 MPH)
|
|
Batting: SHB Nick Chandler
|
0-0: Ball 1-0: Ball 2-0: Called Strike 2-1: Called Strike 2-2: Ball 3-2: Strikes out swinging
|
| Top of the 8th over - 0 runs, 0 hits, 0 errors, 0 left on base; Iowa 3 - Sacramento 8 |
| BOTTOM OF THE 8TH |
|
Sacramento River Cats batting - Pitching for Iowa Cubs : RHP Andy Temples
|
|
Batting: SHB Danny Garcia
|
0-0: Foul Ball, location: 2F 0-1: Ground out 4-3 (Groundball, 4, EV 77.5 MPH)
|
|
Batting: RHB Hugo Zacarias
|
0-0: Foul Ball, location: 2F 0-1: Called Strike 0-2: Ground out 4-3 (Groundball, 4MS, EV 68.8 MPH)
|
|
Batting: RHB Jason Gress
|
0-0: SOLO HOME RUN (Line Drive, 89XD, EV 110.6 MPH), Distance : 431 ft
|
|
Batting: RHB John Shaffer
|
0-0: Ball 1-0: Called Strike 1-1: Ball 2-1: SINGLE (Line Drive, 3L, EV 95.0 MPH)
|
|
Batting: LHB Nick Swank
|
0-0: Ground out U3 (Groundball, 3L, EV 85.0 MPH)
|
| Bottom of the 8th over - 1 run, 2 hits, 0 errors, 1 left on base; Iowa 3 - Sacramento 9 |
| TOP OF THE 9TH |
|
Iowa Cubs batting - Pitching for Sacramento River Cats : RHP Taiji Morita
|
|
Batting: RHB Pat Barton
|
0-0: Ball 1-0: Ball 2-0: Called Strike 2-1: Foul Ball, location: 2F 2-2: Ball 3-2: Foul Ball, location: 2F 3-2: Foul Ball, location: 2F 3-2: SINGLE (Line Drive, 3D, EV 95.6 MPH)
|
|
Batting: LHB Jose Mojica
|
0-0: Ball 1-0: Called Strike 1-1: Ball 2-1: Called Strike 2-2: Ball 3-2: Base on Balls Pat Barton to second
|
|
Batting: LHB Bobby Adams
|
0-0: Swinging Strike 0-1: Ball 1-1: Swinging Strike 1-2: Ball 2-2: Strikes out looking
|
|
Pinch Hitting: LHB J.D. Brenner
|
0-0: Ball 1-0: Foul Ball, location: 2F 1-1: Swinging Strike 1-2: Foul Ball, location: 2F 1-2: Strikes out swinging
|
|
Batting: LHB Barend van der Kamp
|
0-0: Ball 1-0: Called Strike 1-1: SINGLE (Line Drive, 34, EV 99.4 MPH) Pat Barton to third Jose Mojica to second
|
|
Batting: LHB Paul Perry
|
0-0: Ball 1-0: Ball 2-0: Called Strike 2-1: Foul Ball, location: 2F 2-2: SINGLE (Groundball, 6MS, EV 63.8 MPH) (infield hit) Pat Barton scores Jose Mojica to third Barend van der Kamp to second
|
|
Pitching: RHP Herman Ruiz
|
|
|
Batting: SHB Seung-ho Zhang
|
0-0: Ball 1-0: Fly out, F7 (Line Drive, 7, EV 95.6 MPH)
|
| Top of the 9th over - 1 run, 3 hits, 0 errors, 3 left on base; Iowa 4 - Sacramento 9 |
|